 Dungeon Crawl Stone Soup version 0.26.0-16-gc1dbca0489 (webtiles) character file.

Game seed: 4424198092137204820

2162 howech the Cruncher (level 9, -1/75 HPs)
             Began as a Minotaur Gladiator on Jan 17, 2021.
             Slain by Joseph
             ... wielding a +0 quarterstaff
              (4 damage)
             ... on level 7 of the Dungeon.
             The game lasted 00:23:36 (8245 turns).

howech the Cruncher (Minotaur Gladiator)            Turns: 8245, Time: 00:23:37

Health: -1/75      AC:  8    Str: 19    XL:     9   Next: 10%
Magic:  8/8        EV:  8    Int: 13    God:
Gold:   313        SH:  0    Dex: 15    Spells: 8/8 levels left

rFire    . . .     SeeInvis .   I - +10 falchion of Change {vamp, Int+8}
rCold    . . .     Faith    .   (no shield)
rNeg     . . .     Spirit   .   G - +0 plate armour
rPois    .         Reflect  .   c - +1 hat
rElec    .         Harm     .   (no cloak)
rCorr    .         Rampage  .   q - +2 pair of gloves
Will     .....                  (no boots)
Stlth    ..........             (no amulet)
HPRegen  0.22/turn              (no ring)
MPRegen  0.11/turn              (no ring)

@: about to teleport, corroded, flying
A: retaliatory headbutt, horns 2
a: no special abilities


You were on level 7 of the Dungeon.
You visited 2 branches of the dungeon, and saw 8 of its levels.
You also visited: Sewer.

You collected 313 gold pieces.

Inventory:

Hand Weapons
 a - a +1 quarterstaff
 p - the +2 war axe of Fortitude {flame, +Blink rF- rN+ Str+2}
   (You found it on level 2 of the Dungeon)

   It has been specially enchanted to burn those struck by it, causing extra
   injury to most foes and up to half again as much damage against particularly
   susceptible opponents.
   Big, fiery blades are also staple armaments of hydra-hunters.
   It affects your strength (+2).
   It makes you vulnerable to fire.
   It protects you from negative energy.
   It lets you blink.
 E - a +0 broad axe
 I - the +10 falchion of Change (weapon) {vamp, Int+8}
   (You found it on level 6 of the Dungeon)

   It inflicts no extra harm, but heals its wielder when it wounds a living foe.
   It affects your intelligence (+8).
Missiles
 v - 17 boomerangs (quivered)
 y - 79 bolts
 C - 15 poisoned darts
 J - 6 javelins
Armour
 b - a +0 leather armour
 c - a +1 hat (worn)
 n - a +0 chain mail
 q - a +2 pair of gloves (worn)
 G - a +0 plate armour (worn)
Jewellery
 f - an uncursed amulet of guardian spirit {unknown}
 s - a cursed -4 ring of intelligence {unknown}
 t - a +6 ring of dexterity {unknown}
Wands
 w - a wand of enslavement (8)
Scrolls
 e - a scroll of amnesia
 h - 2 scrolls of immolation
 i - 8 scrolls of identify
 j - a scroll of magic mapping
 k - 6 scrolls of remove curse
 m - a scroll of fear
 D - a scroll of fog {unknown}
 H - a scroll of acquirement {unknown}
Potions
 g - 3 potions of heal wounds {unknown}
 l - 4 potions of flight
 o - a potion of magic {unknown}
 r - a potion of attraction {unknown}
 u - 2 potions of cancellation {unknown}
 x - 3 potions of curing {unknown}
 z - 3 potions of brilliance {unknown}
 A - a potion of invisibility {unknown}
 B - 2 potions of haste
 F - a potion of mutation {unknown}


   Skills:
 + Level 6.0 Fighting
 + Level 1.0 Long Blades
 * Level 8.7 Staves
 + Level 5.0 Throwing
 + Level 5.3 Armour
 + Level 5.9 Dodging
 + Level 3.2 Evocations


You had 8 spell levels left.
You didn't know any spells.
Your spell library was empty.

Dungeon Overview and Level Annotations

Branches:
Dungeon (7/15)             Temple (1/1) D:5           Sewer (visited)

Altars:
Ashenzari
Cheibriados
Dithmenos
Elyvilon
Gozag
Hepliaklqana
Kikubaaqudgha
Makhleb
Nemelex Xobeh
Okawaru
Qazlal
Sif Muna
Trog
Uskayaw
Xom
Yredelemnul
Zin

Shops:
D:6 [

Annotations:
D:6 2 transporters, Sigmund
D:7 Joseph


Innate Abilities, Weirdness & Mutations

You reflexively headbutt those who attack you in melee.
You have a pair of horns on your head.


Message History

Joseph is severely wounded.
Joseph zaps a wand.
The bolt of acid hits you!
* * * LOW HITPOINT WARNING * * *
The acid corrodes you!
You are splashed with acid!
* * * LOW HITPOINT WARNING * * *
Unknown command.
You hit Joseph but do no damage.
Joseph is severely wounded.
Joseph hits you with a +0 quarterstaff!
* * * LOW HITPOINT WARNING * * *
Unknown command.
Okay, then.
As you read the scroll of teleportation, it crumbles to dust.
You feel strangely unstable. Joseph barely misses you.
You riposte.
You hit Joseph.
You feel better.
Your headbutt misses Joseph.
Joseph is severely wounded.
It was a potion of flight.
You feel very buoyant.
You fly up into the air.
Joseph hits you with a +0 quarterstaff.
You die...

.....##.########.......
..........# #.......
.......(..# #.......
.......[..# #.......
#####.....# ########
######..(..####
..............?#
#####..........#
#..@.......#
#..@.......#
#........### #......[.#
#........# #........#
#........# ##.#.#####


You could see Joseph.

Vanquished Creatures
  Grinder (Sewer)
  An ice beast (D:4)
  2 orc warriors
  4 ogres
  2 big kobolds (Sewer)
  A bullfrog (D:6)
  A water moccasin zombie (D:7)
  A scorpion (D:4)
  A quasit (Sewer)
  6 hounds
  A jelly (D:6)
  5 orc priests
  8 orc wizards
  3 worker ants
  A big kobold zombie (Sewer)
  2 hound skeletons
  6 gnolls (D:4)
  6 adders
  A howler monkey skeleton (D:6)
  A shadow imp (Sewer)
  2 white imps
  5 ufetubi (Sewer)
  2 oozes
  2 adder skeletons
  6 worms
  3 dart slugs
  3 leopard geckos
  23 orcs
  5 ball pythons
  A bat skeleton (D:2)
  7 giant cockroaches
  10 goblins
  13 hobgoblins
  2 jackals
  3 quokkas
  4 bats
  2 frilled lizards (D:1)
  29 kobolds
  A leopard gecko zombie (D:2)
  4 rats
181 creatures vanquished.

Vanquished Creatures (collateral kills)
  A gnoll (D:4)
1 creature vanquished.

Grand Total: 182 creatures vanquished

Notes
Turn   | Place    | Note
-------+----------+-------------------------------------------
     0 | D:1      | howech the Minotaur Gladiator began the quest for the Orb.
     0 | D:1      | Reached XP level 1. HP: 18/18 MP: 0/0
   147 | D:1      | Reached XP level 2. HP: 20/25 MP: 1/1
   309 | D:1      | Reached skill level 4 in Staves
  1156 | D:2      | Reached skill level 1 in Armour
  1191 | D:2      | Reached XP level 3. HP: 24/30 MP: 2/2
  1471 | D:2      | Reached XP level 4. HP: 38/38 MP: 3/3
  1484 | D:2      | Found a shadowy altar of Dithmenos.
  1496 | D:2      | Found a transporter.
  1506 | D:2      | Found a transporter.
  2079 | D:2      | Identified the +2 war axe of Fortitude {flame, +Blink rF-
                  | rN+ Str+2} (You found it on level 2 of the Dungeon)
  2426 | D:3      | Found a sparkling altar of Nemelex Xobeh.
  2502 | D:3      | Reached skill level 5 in Staves
  2502 | D:3      | Reached XP level 5. HP: 26/45 MP: 4/4
  3440 | D:4      | Reached XP level 6. HP: 52/52 MP: 5/5
  3539 | D:4      | Noticed an ice beast
  3549 | D:4      | Killed an ice beast
  3550 | D:4      | Reached skill level 6 in Staves
  3608 | D:4      | Reached skill level 1 in Evocations
  3758 | D:4      | Found a white marble altar of Elyvilon.
  3919 | D:4      | Reached XP level 7. HP: 44/59 MP: 6/6
  4583 | D:5      | Entered Level 5 of the Dungeon
  4746 | D:5      | Found a glowing drain.
  4791 | Sewer    | Entered a sewer
  5032 | Sewer    | Found a burning altar of Makhleb.
  5298 | Sewer    | Reached skill level 7 in Staves
  5333 | Sewer    | Noticed Grinder
  5342 | Sewer    | Paralysed by Grinder for 5 turns
  5349 | Sewer    | Reached skill level 5 in Dodging
  5353 | Sewer    | Killed Grinder
  5354 | Sewer    | Reached skill level 5 in Fighting
  5354 | Sewer    | Reached XP level 8. HP: 24/68 MP: 7/7
  5806 | D:5      | Found a staircase to the Ecumenical Temple.
  5824 | Temple   | Entered the Ecumenical Temple
  6845 | D:6      | Noticed Sigmund
  7183 | D:5      | Reached skill level 8 in Staves
  7557 | D:6      | Found a transporter.
  7574 | D:6      | Found a hide-covered altar of Uskayaw.
  7583 | D:6      | Reached skill level 5 in Armour
  7755 | D:6      | Found a sparkling altar of Nemelex Xobeh.
  7780 | D:6      | Identified the +10 falchion of Change {vamp, Int+8} (You
                  | found it on level 6 of the Dungeon)
  7801 | D:6      | Found a transporter.
  7928 | D:6      | Reached skill level 5 in Throwing
  7930 | D:6      | Reached XP level 9. HP: 63/75 MP: 8/8
  8004 | D:6      | Found Afiynk's Armour Shoppe.
  8070 | D:6      | Found a snail-covered altar of Cheibriados.
  8162 | D:7      | Reached skill level 1 in Long Blades
  8227 | D:7      | Noticed Joseph
  8243 | D:7      | HP: 1/75 [Joseph/+0 quarterstaff (11)]
  8245 | D:7      | Slain by Joseph

Illustrated notes

Levels and vault maps discovered:
D:1:      tarquinn_simple_flora_water_d, layout_basic, serial_rivers,
          chequers_serial_rivers_large_a, chequers_serial_rivers_micro_a,
          chequers_serial_rivers_large_b, chequers_serial_rivers_micro_a,
          chequers_serial_rivers_room_b
D:2:      minmay_evil_eye, layout_loops_cross, gammafunk_temple_overflow_arena
D:3:      cheibrodos_helix_gallery, layout_basic, overflow_temple_1_default
D:4:      layout_loops_cross, lemuel_coloured_pillars_altar
D:5:      layout_basic, minmay_temple_entry_proselytizer,
          cheibrodos_sewer_entry_drain, minmay_small_thing
D:6:      gammafunk_cloud_chamber, layout_rooms, lemuel_crystal_altar,
          serial_shops, shop, basic_altar, kennysheep_slug_shrine, uniq_sigmund
D:7:      layout_basic, pdpol_wu_jian_five_deadly_venoms,
          nicolae_overflow_crystal_walls, uniq_joseph, uniq_crazy_yiuf_cottage
Temple:   minmay_temple_forest_path

Skill      XL: |  1  2  3  4  5  6  7  8  9 |
---------------+----------------------------+-----
Staves         | 4 5 6 7 8 |  8.7
Armour         | 1 2 3 4 5 |  5.3
Fighting       | 3 4 5 6 |  6.0
Throwing       | 3 4 5 |  5.0
Dodging        | 4 5 |  5.9
Evocations     | 1 2 3 |  3.2
Long Blades    | 1 |  1.0

Action                   |  1- 3 |  4- 6 |  7- 9 || total
-------------------------+-------+-------+-------++-------
Melee: Quarterstaff      |    67 |   164 |   260 ||   491
       Headbutt          |    10 |    24 |    64 ||    98
       Falchion          |       |       |    29 ||    29
Throw: Throwing net      |       |     3 |     1 ||     4
       Boomerang         |       |       |     2 ||     2
Evoke: Wand              |       |       |     1 ||     1
  Use: Scroll            |     3 |     1 |     8 ||    12
       Potion            |       |       |     1 ||     1
 Stab: Held in net/web   |       |     1 |       ||     1
Armor: Leather armour    |    10 |     2 |       ||    12
       Chain mail        |       |    55 |   128 ||   183
       Plate armour      |       |       |    76 ||    76
Dodge: Dodged            |    49 |    98 |   161 ||   308
       Rpst.: Falchion   |       |       |     3 ||     3
